 Dungeon Crawl Stone Soup version 0.29-a0-275-g389c0b56f3 (webtiles) character file.

Game seed: 5340569682702204130

5720 kae the Grappler (level 10, -2/99 HPs)
             Began as a Red Draconian Transmuter on Mar 10, 2022.
             Was a Believer of Ru.
             Slain by a death yak (24 damage)
             ... on level 9 of the Dungeon.
             The game lasted 00:07:21 (9328 turns).

kae the Grappler (Red Draconian Transmuter)         Turns: 9328, Time: 00:07:21

Health: -2/99      AC: 12    Str: 13    XL:     10   Next: 48%
Magic:  17/17      EV: 12    Int: 17    God:    Ru [**....]
Gold:   1263       SH:  0    Dex: 18    Spells: 11/19 levels left

rFire   x . .      SeeInvis .     - Unarmed
rCold   + + +      Faith    .   (shield currently unavailable)
rNeg    . . .      Spirit   .   (body armour unavailable)
rPois   +          Reflect  .   (helmet currently unavailable)
rElec   .          Harm     .   (cloak currently unavailable)
rCorr   .          Rampage  .   (gloves currently unavailable)
Will    .....                   (boots currently unavailable)
Stlth   ++........              b - amulet of regeneration
HPRegen 1.06/turn               e - +4 ring of protection
MPRegen 0.15/turn               f - +6 ring of dexterity

@: ice-form
A: freezing attack, amphibious, boosted hp, (breathe fire), AC +7, large,
unfitting armour, (fire resistance 1), (cold-blooded), inability to use devices
a: End Transformation, Renounce Religion


You were on level 9 of the Dungeon.
You worshipped Ru.
Ru was pleased with you.
You were a creature of crystalline ice.
You visited 2 branches of the dungeon, and saw 10 of its levels.

You collected 1263 gold pieces.

Inventory:

Missiles
 k - a throwing net
Armour
 w - a +2 hat (melded)
Jewellery
 b - an amulet of regeneration (around neck)
 e - a +4 ring of protection (left front paw)
 f - a +6 ring of dexterity (right front paw)
 h - a +4 ring of protection
 i - a ring of willpower
 l - a ring of wizardry
 m - a +6 ring of intelligence
 p - a ring of flight
 x - an amulet of magic regeneration
 z - a ring of magical power
Scrolls
 s - 2 scrolls of magic mapping
 v - 2 scrolls of enchant armour
Potions
 a - a potion of lignification
 c - a potion of mutation
 d - 2 potions of ambrosia
 g - 2 potions of heal wounds
 j - 3 potions of curing {unknown}
 o - a potion of brilliance {unknown}
 q - a potion of flight {unknown}
 r - 2 potions of degeneration {unknown}
 t - a potion of resistance {unknown}


   Skills:
 + Level 6.1 Fighting
 + Level 5.1 Dodging
 * Level 8.4 Unarmed Combat
 + Level 5.2 Spellcasting
 * Level 7.9 Transmutations
 - Level 5.0 Ice Magic
 - Level 2.0 Poison Magic


You had 11 spell levels left.
You knew the following spells:

 Your Spells              Type           Power      Damage    Failure   Level
a - Beastly Appendage     Tmut           62%        N/A       1%          1
b - Spider Form           Tmut/Pois      21%        N/A       5%          3
c - Ice Form              Ice/Tmut       26%        N/A       10%         4

Your spell library contained the following spells:

 Spells                   Type           Power      Damage    Failure   Level
 Wereblood                Tmut           31%        N/A       1%          2
 Passwall                 Tmut/Erth      15%        N/A       4%          2
 Sandblast                Erth           8%         2d5       14%         1
 Stone Arrow              Conj/Erth      8%         3d7       38%         3


Dungeon Overview and Level Annotations

Branches:
Dungeon (9/15)             Temple (1/1) D:7
   Lair: D:8-11         Orc: D:9-12

Altars:
Ashenzari
Cheibriados
Dithmenos
Elyvilon
Fedhas
Gozag
Hepliaklqana
Kikubaaqudgha
Makhleb
Nemelex Xobeh
Okawaru
Qazlal
Ru
Sif Muna
Trog
Uskayaw
Vehumet
Wu Jian
Xom
Yredelemnul
Zin
The Shining One
Beogh

Shops:
D:3 (   D:9 *


Innate Abilities, Weirdness & Mutations

You are a creature of crystalline ice.
You have a powerful freezing melee attack.
You are amphibious.
Your maximum health is increased.
Your armour is entirely melded.
You are incapable of wielding weapons or throwing items.
((You can breathe blasts of fire.))
((Your fiery red scales are hard. (AC +7)))
You cannot fit into any form of body armour.
((Your flesh is heat resistant. (rF+)))
((You are cold-blooded and may be slowed by cold attacks.))
You cannot study or use magical devices.


Message History

The death yak attacks as you move away! The death yak misses you.
The death yak attacks as you move away! The death yak misses you.
You hit the death yak but do no damage.
The death yak is lightly wounded.
You hit the death yak but do no damage.
The death yak is lightly wounded.
The death yak gores you but does no damage.
You hit the death yak but do no damage.
The death yak is lightly wounded.
The death yak misses you.
You pummel the death yak!! You freeze the death yak.
The death yak is moderately wounded.
The death yak gores you!
You punch the death yak! You freeze the death yak.
The death yak is heavily wounded.
The death yak barely misses you.
You completely miss the death yak.
The death yak is heavily wounded.
The death yak gores you.
You hit the death yak but do no damage.
The death yak is heavily wounded.
The death yak closely misses you.
You completely miss the death yak.
The death yak is heavily wounded.
The death yak barely misses you.
You hit the death yak. You freeze the death yak.
The death yak is heavily wounded.
You hit the death yak. You freeze the death yak.
The death yak is heavily wounded.
You redirect the death yak's attack!
The death yak gores the death yak.
You punch the death yak! You freeze the death yak.
The death yak is severely wounded.
The death yak gores you!
You hit the death yak. You freeze the death yak.
The death yak is severely wounded.
The death yak gores you!
* * * LOW HITPOINT WARNING * * *
The death yak attacks as you move away! The death yak gores you!!
You die...

#......○..........#..#.#
#.##....#..#####.....#.#
#......................#
.......................#
.......##.....########...#
.......# .....########...#
........ ................#
....... ................#
########Y....#...#
#†ggrY.Y.........#
.......'#ggr####'###...#
......#.#.#g#....# #.#.#
..#...gg#...###### #...#
#.....##### ....# .......
.# .......# .......


You could see 2 death yaks, a gnoll shaman, 3 gnolls, a river rat and a quokka.

Vanquished Creatures
  A centaur warrior (D:8)
  A death yak (D:9)
  A wyvern (D:8)
  Grum (D:8)
  4 steam dragons (D:8)
  Duvessa (D:7)
  An orc warrior (D:4)
  2 ice beasts
  3 sky beasts
  4 centaurs
  An ogre (D:5)
  4 wolves (D:8)
  A phantom (D:5)
  A kobold brigand (D:6)
  4 bullfrogs
  A necrophage (D:5)
  A gnoll sergeant (D:6)
  2 scorpions
  7 wights
  Dowan (D:7)
  8 killer bees
  The ghost of Leszczynek the Chopper, a weakling HuGl (D:3)
  A howler monkey (D:7)
  5 hounds
  2 orc priests
  4 iguanas
  A gnoll shaman (D:4)
  Ijyb (D:3)
  2 hell rats (D:9)
  7 orc wizards
  9 gnolls
  12 adders
  2 shadow imps
  A white imp (D:6)
  2 ufetubi (D:5)
  2 worms
  The ghost of Flippered the Covert, a weakling GnDe (D:5)
  2 dart slugs
  24 orcs
  6 endoplasms
  A giant cockroach (D:4)
  6 goblins
  8 hobgoblins
  8 jackals
  11 kobolds
  5 ball pythons
  4 bats
  3 frilled lizards
  3 rats
184 creatures vanquished.

Vanquished Creatures (others)
  A ball python (D:3)
  An endoplasm (D:3)
2 creatures vanquished.

Grand Total: 186 creatures vanquished

Notes
Turn   | Place    | Note
-------+----------+-------------------------------------------
     0 | D:1      | kae the Draconian Transmuter began the quest for the Orb.
     0 | D:1      | Reached XP level 1. HP: 16/16 MP: 3/3
   494 | D:1      | Reached XP level 2. HP: 23/23 MP: 3/5
   540 | D:1      | Found a faded altar of an unknown god.
  1168 | D:2      | Reached XP level 3. HP: 26/28 MP: 6/6
  1196 | D:2      | Reached XP level 4. HP: 9/36 MP: 7/7
  1425 | D:2      | Learned a level 3 spell: Spider Form
  1598 | D:2      | Reached skill level 1 in Poison Magic
  1598 | D:2      | Reached XP level 5. HP: 33/41 MP: 6/8
  1731 | D:2      | Learned a level 4 spell: Ice Form
  2118 | D:3      | Found Nothriy's Antique Weapon Emporium.
  2150 | D:3      | Reached skill level 4 in Unarmed Combat
  2470 | D:3      | Noticed Ijyb
  2522 | D:3      | Killed Ijyb
  2753 | D:3      | Reached skill level 1 in Ice Magic
  2870 | D:3      | Reached XP level 6. HP: 48/48 MP: 8/10
  3303 | D:3      | Found a runed translucent gate.
  3303 | D:3      | Found a runed translucent gate.
  3303 | D:3      | Found a runed translucent gate.
  3303 | D:3      | Noticed Leszczynek's ghost (weakling HuGl)
  3305 | D:3      | Identified the +4 ring mail of Beogh, Devouring {rF+++ rN+
                  | Dex-4 Stlth+}
  3560 | D:4      | Noticed an orc warrior
  3599 | D:4      | Killed an orc warrior
  3799 | D:4      | Your scales start taking on a fiery red colour.
  3799 | D:4      | Reduced skill Ice Magic to level 1
  3799 | D:4      | Reached XP level 7. HP: 36/56 MP: 7/11
  3799 | D:4      | Gained mutation: Your flesh is heat resistant. (rF+) [Red
                  | Draconian growth]
  4050 | D:4      | Found a large runed translucent door.
  4051 | D:4      | Found a large runed translucent door.
  4344 | D:5      | Entered Level 5 of the Dungeon
  4520 | D:5      | Found a snail-covered altar of Cheibriados.
  4527 | D:5      | Reached skill level 5 in Unarmed Combat
  4548 | D:5      | Found a hide-covered altar of Uskayaw.
  4551 | D:5      | Found a glowing golden altar of the Shining One.
  4554 | D:5      | Found an opulent altar of Gozag.
  4760 | D:5      | Found a runed translucent gate.
  4760 | D:5      | Found a runed translucent gate.
  4760 | D:5      | Found a runed translucent gate.
  4762 | D:5      | Noticed Flippered's ghost (weakling GnDe)
  5394 | D:5      | Reached XP level 8. HP: 63/63 MP: 9/13
  5481 | D:6      | Reached skill level 5 in Transmutations
  6003 | D:6      | Reached skill level 6 in Unarmed Combat
  6372 | D:6      | Identified a scroll of acquirement
  6372 | D:6      | Acquired 820 gold pieces
  6725 | D:7      | Noticed Duvessa
  6784 | D:7      | Found a staircase to the Ecumenical Temple.
  6801 | D:7      | Reached XP level 9. HP: 56/72 MP: 10/15
  6804 | Temple   | Entered the Ecumenical Temple
  7005 | Temple   | Became a worshipper of Ru the Awakened
  7648 | D:8      | Noticed Grum
  7677 | D:8      | Reached skill level 7 in Unarmed Combat
  7819 | D:8      | Reached skill level 5 in Fighting
  8145 | D:7      | Noticed Dowan
  8151 | D:7      | Killed Dowan
  8154 | D:7      | Killed Duvessa
  8360 | D:3      | Killed Leszczynek's ghost
  8528 | D:4      | Found a broken altar of Ashenzari.
  8535 | D:4      | Found an ancient bone altar of Kikubaaqudgha.
  8713 | D:5      | Killed Flippered's ghost
  8724 | D:5      | Reached skill level 5 in Ice Magic
  8727 | D:5      | Gained mutation: You cannot study or use magical devices.
                  | [Ru sacrifice]
  8727 | D:5      | Reached * piety under Ru
  8727 | D:5      | Reached ** piety under Ru
  8849 | D:8      | Killed Grum
  8850 | D:8      | Reached XP level 10. HP: 37/81 MP: 12/17
  8919 | D:8      | Noticed a centaur warrior
  8935 | D:8      | Killed a centaur warrior
  8977 | D:8      | Reached skill level 8 in Unarmed Combat
  8977 | D:8      | Reached skill level 5 in Spellcasting
  9176 | D:9      | Found Depin's Demolitions Depot.
  9293 | D:9      | Noticed a death yak
  9294 | D:9      | Noticed a death yak
  9295 | D:9      | Noticed a death yak
  9305 | D:9      | Killed a death yak
  9306 | D:9      | Reached skill level 5 in Dodging
  9328 | D:9      | Slain by a death yak

Illustrated notes

Levels and vault maps discovered:
D:1:      lemuel_arrival_lava_pool, layout_loops_corners,
          basic_ecumenical_altar, hangedman_feature_mirror
D:2:      layout_loops_ring, chequers_serial_rivers_micro_d, minmay_misc_feat_x
D:3:      layout_basic, serial_shops, shop, biasface_ghost_orc_armoury,
          lemuel_flame_loot_1, uniq_ijyb
D:4:      layout_basic, jmf_multi_god_temple2
D:5:      layout_basic, grunt_temple_overflow_cloverleaf, gammafunk_ghost_split
D:6:      layout_basic, serial_corexii_hall, corexii_hall_statues_s,
          corexii_hall_statues_l, chequers_hall_statues_wall_a,
          corexii_hall_statues_s, st_stairs_5
D:7:      layout_basic, minmay_temple_entry_mini_moons, serial_glass,
          glass_columns_b, glass_columns_b, glass_columns_a, glass_columns_a,
          nicolae_figureground_sparkle, uniq_duvessa
D:8:      layout_loops_cross, uniq_grum
D:9:      layout_stronghold, dpeg_lair_monsters, nicolae_blasting_shop
Temple:   regret_index_temple_sphere_string

Skill      XL: |  1  2  3  4  5  6  7  8  9 10 |
---------------+-------------------------------+-----
Dodging        | 2 3 4 5 |  5.1
Fighting       | 2 3 4 5 6 |  6.1
Transmutations | 3 4 5 7 |  7.9
Poison Magic   | 1 2 |  2.0
Unarmed Combat | 4 5 6 7 8 |  8.4
Ice Magic      | 1 1 2 3 5 |  5.0
Spellcasting   | 3 4 5 |  5.2

Action                   |  1- 3 |  4- 6 |  7- 9 | 10-12 || total
-------------------------+-------+-------+-------+-------++-------
Melee: Unarmed           |    72 |   186 |   345 |    58 ||   661
       Kick              |    13 |    26 |       |       ||    39
       Headbutt          |     8 |    17 |       |       ||    25
       Tailslap          |     6 |    13 |     7 |       ||    26
       Punch             |       |     7 |     6 |       ||    13
 Cast: Beastly Appendage |    16 |    24 |       |       ||    40
       Spider Form       |       |     6 |    33 |       ||    39
       Ice Form          |       |       |    10 |     5 ||    15
Invok: Sacrifice Artific |       |       |     1 |       ||     1
 Abil: Breathe Fire      |       |       |     1 |       ||     1
  Use: Scroll            |     2 |     2 |     9 |     1 ||    14
 Stab: Sleeping          |     2 |     2 |     1 |       ||     5
       Invisible         |       |       |     1 |       ||     1
Armor: Skin              |    26 |    51 |    98 |    27 ||   202
Dodge: Dodged            |    46 |   141 |   337 |    26 ||   550

Table legend: (Time is in decaauts)
 A = Elapsed time spent in this place.
 B = Non-inter-level travel time spent in this place.
 C = Inter-level travel time spent in this place.
 D = Time resting spent in this place.
 E = Time spent auto-exploring this place.
 F = Levels seen in this place.
 G = Mean time per level.
                   A        B        C        D        E       F      G
               +--------+--------+--------+--------+--------+-----+--------+
         Total |   9272 |   8803 |    469 |    504 |   6598 |  10 |  927.2 |
       Dungeon |   9060 |   8636 |    424 |    504 |   6448 |   9 | 1006.7 |
        Temple |    211 |    166 |     45 |      0 |    150 |   1 |  211.0 |
               +--------+--------+--------+--------+--------+-----+--------+

Top non-repeatable levels by time:
     D:3: 1577 daAuts
     D:5: 1341 daAuts
     D:2: 1098 daAuts
     D:1: 1021 daAuts
     D:6: 965 daAuts
     D:7: 951 daAuts
     D:8: 951 daAuts
     D:4: 938 daAuts
     D:9: 214 daAuts
  Temple: 211 daAuts
